nht, chaotic female elven Wizard --.--- ---- - .|....------ - |.....-- |.... ...........[| ..-- ---%.....-- --.%.. |......-----.--- -...| |...-.....-- .--..... |.....-- |...|-...----.--.......| ........%....- --.... ---.|...---...| ......---- |.- ..........*.<-----------.... |......|...-- ........| |G| ....).............).%...... ---...|....- .---.----.| ............%.)----------. |....|.--- |..%...| ---...........- ... |.| ---....| |........... |....| --......... --.@-- --....... --..| ----... --.-| --. |...| |...| --.-- --- nht the Conjurer Experience level: 5 Strength: 13 Dexterity: 11 Constitution: 14 Intelligence: 17 Wisdom: 11 Charisma: 9 Health: 0(33) Energy: 39(72) Def: 1 Gold: 259 Moves: 888 Dungeon seed: BaqL1238V7qexVic Game ID: nht_1433269299 Your Inventory: Coins $ - 259 gold pieces Weapons a - a blessed +1 quarterstaff (weapon in hands) V - 19 +0 arrows W - 4 +0 darts Armor e - an uncursed +0 cloak of magic resistance (being worn) n - a cursed +0 pair of gauntlets of power r - an uncursed +0 robe z - an uncursed +0 cornuthaum N - an uncursed +0 helm of opposite alignment Y - an uncursed +0 dwarvish cloak Scrolls i - a blessed scroll of enchant weapon j - an uncursed scroll of blank paper s - 2 uncursed scrolls of identify H - an uncursed scroll of gold detection Q - an uncursed scroll of earth Spellbooks x - a blessed spellbook of blank paper Potions L - an uncursed potion of oil M - a cursed potion of sleeping O - an uncursed potion of healing U - an uncursed potion of booze Rings c - an uncursed +1 ring of protection d - an uncursed +1 ring of increase damage v - an uncursed ring of warning E - an uncursed ring of see invisible P - an uncursed ring of sustain ability R - a cursed ring of teleportation Wands b - a wand of slow monster (0:8) A - a wand of enlightenment (0:12) C - a wand of speed monster (0:8) Z - a wand of slow monster (0:7) Tools o - a magic marker (0:28) p - an uncursed tooled horn I - a fire horn (0:7) S - an uncursed partly used tallow candle (lit) (0:81) X - a blessed tallow candle (0:200) Gems q - an uncursed worthless piece of yellow glass y - an uncursed worthless piece of black glass Spells known in the end: Name Level Category Fail Memory a - force bolt 1 attack 0% 96% b - magic missile 2 attack 0% 96% c - protection 1 clerical 0% 96% d - detect monsters 1 divination 0% 97% Your skills at the end: Fighting Skills Weapon Skills quarterstaff [Basic] Spellcasting Skills attack spells [Basic] enchantment spells [Basic] Final Attributes: You had strayed. You were sleep resistant. You were magic-protected. You were telepathic. You had infravision. You were lucky. You are dead. Vanquished creatures: a gnome king a bugbear 3 gnome lords a floating eye 2 dwarves 2 iguanas an acid blob a giant rat 10 gnomes 5 jackals a fox a goblin a grid bug a lichen 2 newts 33 creatures vanquished. Voluntary challenges: You were an atheist. You used a wielded weapon 42 times, starting on turn 16. You read items or engraved 5 times, starting on turn 240. You never genocided any monsters. You never polymorphed an object. You never changed form. You used no wishes. You never split a pudding. You never wrote Elbereth's name. You never violated your personal moral code. You disabled loading bones files. Dungeon overview: The Dungeons of Doom: levels 1 to 6 Level 1 a long staircase Level 2 Level 3 a general store, a fountain Level 4 an armor shop, a fountain stairs to The Gnomish Mines Level 5 Level 6 The Gnomish Mines: levels 5 to 6 Level 5 stairs to The Dungeons of Doom Level 6 <- You were here History has recorded: On T:1 you entered the Dungeons of Doom to retrieve the Amulet of Yendor! On T:79 you reached level 2 of The Dungeons of Doom. On T:225 you reached level 3 of The Dungeons of Doom. On T:411 you advanced to experience level 2. On T:447 you reached level 4 of The Dungeons of Doom. On T:498 you reached level 5 of The Dungeons of Doom. On T:534 you reached level 6 of The Dungeons of Doom. On T:630 you advanced to experience level 3. On T:669 you reached level 1 of The Gnomish Mines. On T:717 you advanced to experience level 4. On T:741 you reached level 2 of The Gnomish Mines. On T:777 you advanced to experience level 5. Score breakdown: Gold: 259 ( 8214 points) Experience: 5 levels (11141 points) Exploration: 6 levels ( 12.77%) ( 9890 points) Discoveries: 4 items ( 1.45%) ( 3611 points) Valuables value: (no points given unless you survive) Artifact value: 0 ( 0 points) Variety of kills: 15 monsters ( 3.96%) ( 5968 points) Time penalty: 888 turns ( 0 points) Survival: died (score multiplied by 80%) Total score: 31059 Latest messages: You drop a blessed spellbook of magic missile. You sold a blessed spellbook of magic missile for 100 gold pieces. You drop an uncursed spellbook of protection. You sold an uncursed spellbook of protection for 50 gold pieces. You drop a spellbook called db vh. You sold a spellbook called db vh for 225 gold pieces. You drop an uncursed potion of booze. You sold an uncursed potion of booze for 25 gold pieces. You drop an uncursed potion of confusion. You sold an uncursed potion of confusion for 50 gold pieces. You drop an orange potion. You sold an orange potion for 113 gold pieces. You drop a yellow potion (unpaid, 133 zorkmids). You drop a cloudy potion (unpaid, 177 zorkmids). You drop a sky blue potion (unpaid, 200 zorkmids). You drop a potion of confusion (unpaid, 133 zorkmids). (2x) You drop an emerald ring. There are a few objects here. A trap door in the ceiling opens and a rock falls on your head! You die... Final status: Goodbye nht the Wizard, killed by a falling rock... You died in The Gnomish Mines on dungeon level 6 with 31059 points, and 259 pieces of gold, after 888 moves. You were level 5 with a maximum of 33 hit points when you died.